 Dungeon Crawl Stone Soup version 0.29.1-2-gbd0b4ee654 (webtiles) character file.

Game seed: 1997568407707236876

651 jamestheduck25 the Sneak (level 7, -2/32 HPs)
             Began as a Spriggan Enchanter on Nov 10, 2022.
             Killed by divine providence
             ... invoked by an orc priest
              (11 damage)
             ... on level 6 of the Dungeon on Nov 14, 2022.
             The game lasted 00:34:13 (6468 turns).

jamestheduck25 the Sneak (Spriggan Enchanter)       Turns: 6468, Time: 00:34:14

Health: -2/32      AC:  2    Str:  4    XL:     7   Next: 28%
Magic:  24/24      EV: 20    Int: 16    God:
Gold:   213        SH:  0    Dex: 18    Spells: 14/16 levels left

rFire   + . .      SeeInvis +   v - +2 dagger (speed)
rCold   . . .      Faith    .   (no shield)
rNeg    . . .      Spirit   .   b - +0 robe
rPois   .          Reflect  .   (helmet restricted)
rElec   .          Harm     .   (no cloak)
rCorr   .          Rampage  .   (gloves unavailable)
Will    +....                   (boots unavailable)
Stlth   ++++......              h - amulet of magic regeneration
HPRegen 0.10/turn               i - ring of protection from fire
MPRegen 0.59/turn               s - ring of magical power

@: very quick
A: very small, no large weapons, unfitting armour, see invisible, speed 3
a: no special abilities


You were on level 6 of the Dungeon.
You visited 1 branch of the dungeon, and saw 6 of its levels.

You collected 213 gold pieces.

Inventory:

Hand Weapons
 a - a +1 dagger
 v - a +2 dagger of speed (weapon)
Armour
 b - a +0 robe (worn)
 l - a +0 robe
Jewellery
 h - an amulet of magic regeneration (around neck)
 i - a ring of protection from fire (left hand)
 k - a ring of flight
 q - a +6 ring of strength
 s - a ring of magical power (right hand)
 A - a ring of poison resistance
Wands
 r - a wand of iceblast (5)
Scrolls
 d - a scroll of teleportation {unknown}
 n - 2 scrolls of amnesia {unknown}
 p - 2 scrolls of fear {unknown}
 w - a scroll of torment {unknown}
 x - a scroll of noise {unknown}
 y - a scroll of enchant weapon {unknown}
Potions
 c - 2 potions of invisibility
 e - 2 potions of curing {unknown}
 f - a potion of haste
 g - 2 potions of might
 j - a potion of mutation {unknown}
 m - a potion of heal wounds
 o - 2 potions of magic {unknown}
 u - a potion of degeneration {unknown}
 z - a potion of cancellation {unknown}
 B - a potion of flight {unknown}


   Skills:
 + Level 3.8 Short Blades
 + Level 5.2 Dodging
 + Level 7.1 Stealth
 + Level 5.0 Spellcasting
 + Level 5.5 Hexes


You had 14 spell levels left.
You knew the following spells:

 Your Spells              Type           Power      Damage    Failure   Level
a - Ensorcelled Hibernat  Hex/Ice        24%        N/A       8%          2

Your spell library contained the following spells:

 Spells                   Type           Power      Damage    Failure   Level
 Confusing Touch          Hex            21%        N/A       4%          3
 Tukima's Dance           Hex            21%        N/A       4%          3
 Dazzling Flash           Conj/Hex       24%        N/A       14%         3
 Freeze                   Ice            16%        1d4       16%         1
 Poisonous Vapours        Pois/Air       8%         N/A       22%         2
 Frozen Ramparts          Ice            8%         1d2       41%         3
 Gell's Gravitas          Tloc           4%         N/A       41%         3
 Lesser Beckoning         Tloc           4%         N/A       41%         3
 Teleport Other           Tloc           4%         N/A       41%         3
 Corpse Rot               Necr/Pois/Air  4%         N/A       83%         4
 Hailstorm                Conj/Ice       4%         3d4       83%         4


Dungeon Overview and Level Annotations

Branches:
Dungeon (6/15)
 Temple: D:4-7

Altars:
Ashenzari
Fedhas
Makhleb
Qazlal
Uskayaw

Shops:
D:1 :   D:3 :

Annotations:
D:6 Eustachio


Innate Abilities, Weirdness & Mutations

You are very small and have problems with some larger weapons.
You are too small for most types of armour.
You have supernaturally acute eyesight. (SInv)
You cover ground extremely quickly. (Speed+++)


Message History

What level of the Dungeon? (default 1, ? - help)
There is a stone staircase leading down here.
You climb downwards.
You hear the hiss of flowing sand.
There is an entrance to an ossuary on this level.
Hurry and find it before the portal is buried!
There is a stone staircase leading up here.
An orc wizard comes into view. It is wielding a +2 vampiric dagger.
Eustachio the Magnificent comes into view.
He is wielding a +0 rapier and wearing a +3 leather armour of fire resistance.
An orc comes into view. It is wielding a +0 short sword.
Eustachio shouts!
You hear a shout! x3
An orc wizard comes into view. It is wielding a +0 dagger.
The orc wizard moves out of view.
Found a stone staircase leading down.
An orc priest comes into view. It is wielding a +0 mace.
Found a stone staircase leading up.
A scorpion comes into view.
Found a scroll labelled REN KYHOETZY.
The scorpion moves out of view.
The orc priest calls down the wrath of Beogh upon you.
Beogh smites you!
The orc priest mumbles some strange prayers to Beogh against you.
You resist with significant effort.
Aiming: Ensorcelled Hibernation (safe; 8% risk of failure)
Press: ? - help, Q - select action, (/) - cycle Shift-Dir - straight line, f - orc priest
Aim: an orc priest, wielding a +0 mace (chance to affect: 46%)
The orc priest resists with some effort.
Aiming: Ensorcelled Hibernation (safe; 8% risk of failure)
Press: ? - help, Q - select action, (/) - cycle Shift-Dir - straight line, f/p - orc priest
Aim: an orc priest, wielding a +0 mace (chance to affect: 46%)
The orc priest resists with some effort.
Found a scroll labelled JAINUT PARRATE.
The orc priest begins to cast a cantrip, but forgets the words!
A scorpion comes into view.
Found 12 gold pieces.
The orc priest invokes the aid of Beogh against you.
Beogh smites you!
* * * LOW HITPOINT WARNING * * *
Found 12 gold pieces.
The orc priest invokes the aid of Beogh against you.
Beogh smites you!
You die...

$ .# ##. .. #### .##...
.#.#$##.....#
...s.#.... # ..
#......##.#
##...##.?........
.........@.......
......##.........
##...# #....##...
#.....##......... ..
#..............## ##.
##........#.#...# ##..
#............##..#
....#..........o..#..##
...............o..#.##


You could see a scorpion (asleep) and an orc priest.

Vanquished Creatures
  A phantom (D:5)
  4 scorpions
  A necrophage (D:5)
  A hound (D:5)
  A jelly (D:5)
  3 iguanas (D:5)
  3 gnolls (D:2)
  5 adders
  An ufetubus (D:5)
  3 worms
  2 dart slugs
  9 endoplasms
  A giant cockroach (D:2)
  8 goblins
  3 hobgoblins
  4 quokkas
  6 ball pythons
  6 bats
  6 frilled lizards
  3 kobolds
  6 rats
77 creatures vanquished.

Vanquished Creatures (others)
  A fungus (D:4)
  A plant (D:4)
2 creatures vanquished.

Grand Total: 79 creatures vanquished

Notes
Turn   | Place    | Note
-------+----------+-------------------------------------------
     0 | D:1      | jamestheduck25 the Spriggan Enchanter began the quest for
                  | the Orb.
     0 | D:1      | Reached XP level 1. HP: 9/9 MP: 5/5
   565 | D:1      | Reached XP level 2. HP: 13/13 MP: 6/6
   926 | D:1      | Found Wocef's Book Boutique.
  1510 | D:2      | Reached XP level 3. HP: 10/16 MP: 8/8
  2027 | D:2      | Learned a level 2 spell: Ensorcelled Hibernation
  2370 | D:2      | Reached skill level 5 in Stealth
  2829 | D:2      | Reached XP level 4. HP: 19/21 MP: 5/10
  3347 | D:3      | Found a broken altar of Ashenzari.
  3351 | D:3      | Saw a vision of the Swamp and the Spider Nest.
  3351 | D:3      | Noticed an orb spider
  3351 | D:3      | Noticed a jumping spider
  3351 | D:3      | Noticed a torpor snail
  3351 | D:3      | Noticed a spark wasp
  3351 | D:3      | Noticed a demonic crawler
  3351 | D:3      | Noticed a steelbarb worm
  3351 | D:3      | Noticed a sun moth
  3351 | D:3      | Noticed a spriggan rider
  3351 | D:3      | Noticed a moth of wrath
  3351 | D:3      | Noticed a wolf spider
  3351 | D:3      | Noticed an entropy weaver
  3351 | D:3      | Noticed a ghost moth
  3351 | D:3      | Noticed a culicivora
  3351 | D:3      | Noticed a tarantella
  3351 | D:3      | Noticed a pharaoh ant
  3351 | D:3      | Noticed a pharaoh ant
  3352 | D:3      | Noticed a steelbarb worm
  3352 | D:3      | Noticed a jumping spider
  3352 | D:3      | Noticed a culicivora
  3353 | D:3      | Noticed an eleionoma
  3354 | D:3      | Noticed a spriggan rider
  3360 | D:3      | Noticed a spriggan rider
  3410 | D:3      | Found Lygh's Vocational Training.
  3445 | D:3      | Found a hide-covered altar of Uskayaw.
  3495 | D:3      | Found a burning altar of Makhleb.
  3495 | D:3      | Noticed a green death
  3500 | D:3      | Noticed an orange demon
  3500 | D:3      | Noticed a ynoxinul
  3699 | D:4      | Noticed a scorpion
  3708 | D:4      | Killed a scorpion
  3709 | D:4      | Reached XP level 5. HP: 24/24 MP: 11/11
  3880 | D:4      | Reached skill level 6 in Stealth
  4088 | D:4      | Found a blossoming altar of Fedhas.
  4419 | D:4      | Found a stormy altar of Qazlal.
  4514 | D:4      | Reached XP level 6. HP: 16/28 MP: 13/13
  4980 | D:4      | You fall into a shaft and drop 1 floor!
  4980 | D:5      | Entered Level 5 of the Dungeon
  5391 | D:5      | Reached skill level 5 in Hexes
  5884 | D:5      | Reached skill level 5 in Dodging
  5884 | D:5      | Reached XP level 7. HP: 32/32 MP: 15/15
  6161 | D:5      | Reached skill level 7 in Stealth
  6161 | D:5      | Reached skill level 5 in Spellcasting
  6436 | D:6      | Noticed Eustachio
  6468 | D:6      | Killed from afar by an orc priest

Illustrated notes

Levels and vault maps discovered:
D:1:      minmay_arrival_five_plusses, layout_loops_ring, serial_shops, shop
D:2:      layout_basic, grunt_decor_fettered
D:3:      layout_rooms, makhleb_altar_promises_db, lemuel_round_altar,
          grunt_ashenzari_visionary [grunt_ashenzari_visionary_swamp,
          grunt_ashenzari_visionary_spider], nicolae_shop_vocational
D:4:      layout_cave_pods, grunt_temple_overflow_forces_of_nature
D:5:      layout_cave_pods, chequers_garden
D:6:      layout_cave_pools, nicolae_tso_carved_into_rock,
          nicolae_hepliaklqana_ecumenical_no_more, gammafunk_ghost_necromancy,
          nicolae_ossuary_entry_catacombs, st_stairs_14, uniq_eustachio,
          uniq_edmund

Skill      XL: |  1  2  3  4  5  6  7 |
---------------+----------------------+-----
Dodging        | 3 4 5 |  5.2
Spellcasting   | 3 4 5 |  5.0
Hexes          | 4 5 |  5.5
Stealth        | 5 6 7 |  7.1
Short Blades   | 2 3 |  3.8

Action                   |  1- 3 |  4- 6 |  7- 9 || total
-------------------------+-------+-------+-------++-------
Melee: Dagger            |   127 |    96 |    40 ||   263
       Punch             |       |     1 |     1 ||     2
 Cast: Ensorcelled Hiber |    24 |    34 |     8 ||    66
Evoke: Wand              |       |     1 |       ||     1
  Use: Scroll            |       |     1 |     2 ||     3
 Stab: Sleeping          |    17 |    24 |     2 ||    43
Armor: Robe              |    10 |     5 |     1 ||    16
Dodge: Dodged            |    95 |    59 |    24 ||   178
